 Dungeon Crawl Stone Soup version 0.29.1-1-gd02db6906a (webtiles) character file.

Game seed: 2421135703456671734

58 croobank the Caller (level 3, -1/14 HPs)
             Began as a Felid Summoner on Oct 2, 2022.
             Killed by nerve-wracking pain
             ... invoked by Jessica
              (10 damage)
             ... on level 2 of the Dungeon.
             The game lasted 00:07:23 (1805 turns).

croobank the Caller (Felid Summoner)                Turns: 1805, Time: 00:07:24

Health: -1/14      AC:  1    Str:  4    XL:     3   Next: 75%
Magic:  2/7        EV: 18    Int: 18    God:
Gold:   55         SH:  0    Dex: 16    Spells: 1/7 levels left
                                        Lives:  0   Deaths: 0

rFire   . . .      SeeInvis +   (weapon unavailable)
rCold   . . .      Faith    .   (shield unavailable)
rNeg    . . .      Spirit   .   (body armour unavailable)
rPois   .          Reflect  .   (helmet unavailable)
rElec   .          Harm     .   (cloak unavailable)
rCorr   .          Rampage  .   (gloves unavailable)
Will    .....                   (boots unavailable)
Stlth   +++.......              (no amulet)
HPRegen 0.04/turn               (no ring)
MPRegen 0.10/turn               (no ring)

@: quick
A: very small, claws 1, fangs 3, see invisible, speed 1, shaggy fur 1, stealthy
paws, no weapons or thrown items, no armour, multi-lived
a: no special abilities


You were on level 2 of the Dungeon.
You visited 1 branch of the dungeon, and saw 2 of its levels.

You collected 55 gold pieces.

Inventory:

Scrolls
 b - a scroll of enchant armour {unknown}
 c - a scroll of blinking {unknown}
 f - a scroll of teleportation {unknown}
Potions
 a - a potion of magic
 d - 4 potions of degeneration {unknown}
 e - a potion of lignification {unknown}


   Skills:
 + Level 3.4 Dodging
 + Level 3.9 Stealth
 + Level 2.5 Spellcasting
 + Level 4.4 Summonings


You had one spell level left.
You knew the following spells:

 Your Spells              Type           Power      Damage    Failure   Level
a - Summon Small Mammal   Summ           72%        N/A       2%          1
b - Call Imp              Summ           18%        N/A       4%          2
c - Call Canine Familiar  Summ           18%        N/A       9%          3

Your spell library contained the following spells:

 Spells                   Type           Power      Damage    Failure   Level
 Summon Guardian Golem    Hex/Summ       10%        N/A       21%         3
 Summon Lightning Spire   Summ/Air       10%        N/A       56%         4


Dungeon Overview and Level Annotations

Branches:
Dungeon (2/15)

Altars:

Shops:
D:1 !

Annotations:
D:2 Jessica


Innate Abilities, Weirdness & Mutations

You have sharp claws.
You have razor-sharp teeth.
You have supernaturally acute eyesight. (SInv)
You cover ground quickly. (Speed+)
You are covered in fur. (AC +1)
Your paws help you pounce on unaware monsters.
You are incapable of wielding weapons or throwing items.
You cannot wear armour.
You gain extra lives every three experience levels.


Message History

Orders for allies: a - Attack new target. r - Retreat! s - Stop attacking. g - Guard the area. f - Follow me.
Anything else - Cancel.
Gang up on whom?
Press: ? - help, Dir - move target, f - Jessica
Aim: Jessica, wielding a +0 dagger of protection and wearing a +0 robe (ally target) Attack!
Your bat hits Jessica but does no damage.
Your crimson imp blinks!
Your bat barely misses Jessica.
Jessica casts a spell at you.
You barely resist.
Your hound runs in silly circles!
Your crimson imp is no longer moving slowly.
Your bat closely misses Jessica.
Jessica points at you and mumbles some strange words.
Your hound writhes in agony!
Your bat hits Jessica but does no damage.
Your hound bites Jessica but does no damage.
Your bat barely misses Jessica.
Jessica hits your hound with a +0 dagger of protection.
Your hound bites Jessica but does no damage.
Your bat barely misses Jessica.
Jessica casts a spell at you. Pain shoots through your body!
Your hound barely misses Jessica.
Your bat barely misses Jessica.
Your hound barely misses Jessica.
Your hound closely misses Jessica.
Your bat hits Jessica but does no damage.
Your hound bites Jessica.
Your crimson imp closely misses Jessica.
You barely miss Jessica.
Jessica is moderately wounded.
Your bat closely misses Jessica.
Your crimson imp barely misses Jessica.
Jessica gestures wildly while chanting.
Jessica blinks!
Jessica points at you and mumbles some strange words.
Pain shoots through your body!
Ouch! That really hurt!
You die...

#........#......##.#...
......................#
#. #.....#.#....... .
...#.........<.....# .
.........<.†....# .#
###########.#.#....##'###
............#...........#
#.####.####.#.#@........#
#.#).+.h..#.#...@.......#
#.#..#.#..#.#...........#
#.#'##.#+##.#...h.5#+#...
............#...b..#
#.#'##.#+##.#.......
#.#..#.# #.#.##.#...
+.+..#.# #. ..#...#
#.####.# #. ....... ....
... ... .....


You could see Jessica (ally target), a friendly hound (summoned), a friendly
crimson imp (summoned) and a friendly bat (summoned).

Vanquished Creatures
  2 bats (D:1)
  An endoplasm (D:1)
  A giant cockroach (D:1)
  A jackal (D:2)
5 creatures vanquished.

Vanquished Creatures (collateral kills)
  A worm (D:2)
  4 ball pythons
  3 endoplasms (D:1)
  A giant cockroach (D:1)
  6 goblins
  4 hobgoblins
  7 jackals
  5 bats (D:1)
  3 frilled lizards (D:1)
  5 kobolds
  6 rats
45 creatures vanquished.

Grand Total: 50 creatures vanquished

Notes
Turn   | Place    | Note
-------+----------+-------------------------------------------
     0 | D:1      | croobank the Felid Summoner began the quest for the Orb.
     0 | D:1      | Reached XP level 1. HP: 7/7 MP: 4/4
   283 | D:1      | Reached XP level 2. HP: 11/11 MP: 0/6
   286 | D:1      | Learned a level 2 spell: Call Imp
   458 | D:1      | Found a faded altar of an unknown god.
   886 | D:1      | Reached XP level 3. HP: 14/14 MP: 5/7
   890 | D:1      | Learned a level 3 spell: Call Canine Familiar
  1076 | D:1      | Found Cefo's Distillery.
  1792 | D:2      | Noticed Jessica
  1805 | D:2      | Killed from afar by Jessica

Illustrated notes

Levels and vault maps discovered:
D:1:      amcnicky_arrival_abandoned_market, layout_basic,
          shapermc_ecumenical_altar_notcrosses, serial_shops, shop,
          kennysheep_pointless_box
D:2:      minmay_door_path, layout_basic, minmay_door_square, minivault_25,
          uniq_jessica

Skill      XL: |  1 |
---------------+----+-----
Stealth        | 3 |  3.9
Dodging        | 3 |  3.4
Spellcasting   | |  2.5
Summonings     | |  4.4

Action                   || total
-------------------------++-------
Melee: Unarmed           ||    11
       Bite              ||     1
 Cast: Summon Small Mamm ||    57
       Call Imp          ||    11
       Call Canine Famil ||     6
 Stab: Sleeping          ||     1
Armor: Skin              ||     2
Dodge: Dodged            ||    36
